 Dungeon Sprint DCSS version 0.28-a0-119-ga52ba8600a (webtiles) character file.

Game seed: 16609958803975866573

25 lagrange the Ducker (level 2, -5/29 HPs)
             Began as a Troll Wanderer on Aug 13, 2021.
             Slain by an ogre (8 damage)
             ... in the Dungeon (Sprint I: "Red Sonja").
             The game lasted 00:01:02 (29 turns).

lagrange the Ducker (Troll Wanderer)                  Turns: 29, Time: 00:01:02

Health: -5/29      AC:  6    Str: 21    XL:     2   Next: 82%
Magic:  2/2        EV: 10    Int:  4    God:
Gold:   0          SH:  0    Dex: 11    Spells: 3/3 levels left

rFire   . . .      SeeInvis .     - Unarmed
rCold   . . .      Faith    .   (no shield)
rNeg    . . .      Spirit   .   c - +2 robe
rPois   .          Reflect  .   (helmet restricted)
rElec   .          Harm     .   (no cloak)
rCorr   .          Rampage  .   (gloves unavailable)
Will    .....      NoTele   +   (boots unavailable)
Stlth   +.........              (no amulet)
HPRegen 1.09/turn               (no ring)
MPRegen 0.08/turn               (no ring)

@: no status effects
A: large, unfitting armour, claws 3, regeneration 1, shaggy fur 1, tough skin 1
a: no special abilities


You were in the Dungeon.
You visited 1 branch

Inventory:

Armour
 c - a +2 robe (worn)
Scrolls
 h - a scroll of blinking
Potions
 b - 2 potions of curing
 d - a potion of heal wounds
 e - a potion of haste
 f - 2 potions of magic
 g - a potion of berserk rage


   Skills:
 + Level 2.4 Fighting
 + Level 3.6 Dodging
 - Level 1.0 Stealth
 - Level 1.0 Shields
 + Level 3.0 Unarmed Combat
 - Level 1.2 Spellcasting
 - Level 1.3 Summonings
 - Level 1.0 Transmutations


You had 3 spell levels left.
You didn't know any spells.
Your spell library was empty.

Dungeon Overview and Level Annotations

Branches:
Dungeon (1/1)

Altars:


Innate Abilities, Weirdness & Mutations

You are too large for most types of armour.
You have claws for hands.
Your natural rate of healing is unusually fast.
You are covered in fur. (AC +1)
You have tough skin. (AC +1)


Message History

You barely miss Ijyb.
Ijyb is heavily wounded.
Ijyb hits you with a +0 spectral club.
You scratch Ijyb.
Ijyb is heavily wounded.
Ijyb hits you with a +0 spectral club. Ijyb barely misses you.
You claw Ijyb!
Ijyb is severely wounded.
Ijyb completely misses you.
You claw Ijyb!
Ijyb is almost dead.
Ijyb barely misses you. x2
You closely miss Ijyb.
Ijyb is almost dead.
Ijyb closely misses you.
You closely miss Ijyb.
Ijyb is almost dead.
Ijyb hits you but does no damage. Ijyb hits you with a +0 spectral club.
You barely miss Ijyb.
Ijyb is almost dead.
Ijyb barely misses you.
You claw Ijyb!
You kill Ijyb!
Your Fighting skill gained 2 levels and is now at level 2!
Your Dodging skill increases to level 3!
Your Unarmed Combat skill gained 3 levels and is now at level 3!
You have reached level 2!
Things that are here:
a +0 spectral club; a +0 leather armour You start resting.
HP restored.
You open the door.
An ogre comes into view. It is wielding a +0 giant club.
There is an open door here.
You barely miss the ogre.
The ogre hits you with a +0 giant club!!
Ouch! That really hurt!
* * * LOW HITPOINT WARNING * * *
You barely miss the ogre. The ogre hits you with a +0 giant club!
You die...

##########
#<.#.)@O.#
#..'..#..+
#..#####+#
#..# #..#
#..# #⌠⌠#
####


You could see an ogre.

Vanquished Creatures
  Ijyb (D)
1 creature vanquished.

Notes
Turn   | Place    | Note
-------+----------+-------------------------------------------
     0 | D        | lagrange the Troll Wanderer began the quest for the Orb.
     0 | D        | lagrange set off with the following items: a +0 club, 2
                  | potions of curing, a +2 robe, a potion of heal wounds, a
                  | potion of haste, 2 potions of magic, a potion of berserk
                  | rage, a scroll of blinking
     0 | D        | Reached XP level 1. HP: 16/16 MP: 1/1
     3 | D        | Noticed Ijyb
    16 | D        | Killed Ijyb
    17 | D        | Reached XP level 2. HP: 19/29 MP: 2/2
    26 | D        | Noticed an ogre
    29 | D        | Slain by an ogre

Illustrated notes

Levels and vault maps discovered:
D:        dungeon_sprint_1 [red_sonja_temple_1, red_sonja_temple_small_1]

Skill      XL: |  1 |
---------------+----+-----
Fighting       | 2 |  2.4
Dodging        | 3 |  3.6
Unarmed Combat | 3 |  3.0
Stealth        | |  1.0
Shields        | |  1.0
Spellcasting   | |  1.2
Summonings     | |  1.3
Transmutations | |  1.0

Action                   || total
-------------------------++-------
Melee: Unarmed           ||    13
Armor: Robe              ||     3
Dodge: Dodged            ||     6

Table legend: (Time is in decaauts)
 A = Elapsed time spent in this place.
 B = Non-inter-level travel time spent in this place.
 C = Inter-level travel time spent in this place.
 D = Time resting spent in this place.
 E = Time spent auto-exploring this place.
 F = Levels seen in this place.
 G = Mean time per level.
                   A        B        C        D        E       F      G
               +--------+--------+--------+--------+--------+-----+--------+
         Total |     29 |     29 |      0 |      7 |      0 |   1 |   29.0 |
       Dungeon |     29 |     29 |      0 |      7 |      0 |   1 |   29.0 |
               +--------+--------+--------+--------+--------+-----+--------+

Top non-repeatable levels by time:
       D: 29 daAuts
